 Dungeon Crawl Stone Soup version 0.29.1-12-g30fa7ad0bf (webtiles) character file.

Game seed: 6698972533656144262

81 bnorton916 the Magician (level 4, -4/24 HPs)
             Began as a Deep Elf Fire Elementalist on Dec 23, 2022.
             Killed from afar by an orc wizard (7 damage)
             ... with a magic dart
             ... on level 3 of the Dungeon.
             The game lasted 00:02:29 (2633 turns).

bnorton916 the Magician (DEFE)                      Turns: 2633, Time: 00:02:30

Health: -4/24      AC:  3    Str:  5    XL:     4   Next: 20%
Magic:  12/12      EV: 12    Int: 22    God:
Gold:   100        SH:  0    Dex: 15    Spells: 5/11 levels left

rFire   . . .      SeeInvis .   i - +1 dagger (protect)
rCold   . . .      Faith    .   (no shield)
rNeg    . . .      Spirit   .   a - +0 robe
rPois   .          Reflect  .   (no helmet)
rElec   .          Harm     .   g - scarf {repulsion}
rCorr   .          Rampage  .   (no gloves)
Will    .....                   h - +0 pair of boots
Stlth   +.........              (no amulet)
HPRegen 0.08/turn               (no ring)
MPRegen 0.13/turn               (no ring)

@: confused, repel missiles
A: no striking features
a: no special abilities


You were on level 3 of the Dungeon.
You visited 1 branch of the dungeon, and saw 3 of its levels.

You collected 100 gold pieces.

Inventory:

Hand Weapons
 i - a +1 dagger of protection (weapon)
Armour
 a - a +0 robe (worn)
 g - a scarf of repulsion (worn)
 h - a +0 pair of boots (worn)
Scrolls
 e - a scroll of vulnerability {unknown}
 f - a scroll of blinking {unknown}
 j - 2 scrolls of identify {unknown}
 k - 2 scrolls of acquirement {unknown}
Potions
 b - a potion of magic
 c - 2 potions of heal wounds {unknown}
 d - 2 potions of attraction {unknown}
 l - a potion of resistance {unknown}
 m - a potion of might {unknown}


   Skills:
 - Level 2.4 Dodging
 - Level 2.4 Stealth
 + Level 4.2 Spellcasting
 + Level 2.6 Conjurations
 + Level 4.2 Fire Magic


You had 5 spell levels left.
You knew the following spells:

 Your Spells              Type           Power      Damage    Failure   Level
a - Foxfire               Conj/Fire      76%        2x1d7     2%          1
b - Scorch                Fire           46%        2d7       3%          2
c - Conjure Flame         Conj/Fire      19%        6-21      8%          3

Your spell library contained the following spells:

 Spells                   Type           Power      Damage    Failure   Level
 Inner Flame              Hex/Fire       13%        N/A       14%         3
 Flame Wave               Conj/Fire      19%        2d7       26%         4


Dungeon Overview and Level Annotations

Branches:
Dungeon (3/15)

Altars:

Shops:
D:3 (


Message History

The orc wizard is moderately wounded.
The orc wizard closely misses you.
Unknown command.
Casting: Foxfire (safe; 2% risk of failure)
Confirm with . or Enter, or press ? or * to list all spells.
You conjure some foxfire!
The orc wizard points at you and mumbles some strange words.
You resist with some effort. The orc barely misses you.
The foxfire hits the orc wizard.
The orc wizard resists.
The orc wizard is moderately wounded.
The foxfire hits the orc.
The orc is moderately wounded.
The orc wizard barely misses you. The orc hits you with a +0 hand axe.
Unknown command.
The orc wizard attacks as you move away!
The orc wizard hits you with a +0 dagger.
The orc wizard gestures at you while chanting.
The puff of flame is repelled.
The orc throws a boomerang.
The boomerang closely misses you.
The orc wizard mumbles some strange words.
The orc wizard flickers and vanishes!
Deactivating autopickup; reactivate with Ctrl-A.
The orc throws a boomerang.
The orc throws a boomerang.
The boomerang closely misses you.
You are confused.
You bump into the rock wall.
You hear some strange, mumbled words.
Something tries to affect you, but you resist.
You bump into the rock wall.
You feel less confused.
A magic dart appears from out of thin air!
The magic dart hits you.
A magic dart appears from out of thin air!
The magic dart hits you!
* * * LOW HITPOINT WARNING * * *
You are confused.
You bump into the rock wall.
A magic dart appears from out of thin air!
The magic dart hits you!
You die...

#........# ###.#.#.#.#..#
'........#######.....#.#.... #
#.............o#.#.........#.#
.รท.......#####{.....##.##...
#........# #...###.#)..#.###
....###### #.#.#..........)#
#. ..... #...###)#...#.###...
###.#. ###.....##.##....)#
.>#.# ##@#.........#..# ### #
##.....#.#......#
#....#.#.#.#....##
#########.##..)###.....)..
..........####.....###.###
######.######..#.........
########.##...#....####..##
.....)....'..)+.#### #
########.##<..###


You could see an orc.

Vanquished Creatures
  3 adders
  2 worms (D:2)
  A dart slug (D:2)
  5 orcs (D:3)
  7 ball pythons
  3 endoplasms
  A giant cockroach (D:2)
  5 goblins
  3 hobgoblins
  4 quokkas
  A frilled lizard (D:3)
  4 kobolds
  4 rats (D:2)
43 creatures vanquished.

Vanquished Creatures (others)
  208 foxfires
208 creatures vanquished.

Grand Total: 251 creatures vanquished

Notes
Turn   | Place    | Note
-------+----------+-------------------------------------------
     0 | D:1      | bnorton916 the Deep Elf Fire Elementalist began the quest
                  | for the Orb.
     0 | D:1      | Reached XP level 1. HP: 10/10 MP: 6/6
    45 | D:1      | Found a faded altar of an unknown god.
   738 | D:2      | Reached XP level 2. HP: 15/15 MP: 6/8
  1265 | D:2      | Reached XP level 3. HP: 19/19 MP: 7/10
  1268 | D:2      | Learned a level 2 spell: Scorch
  2020 | D:3      | Learned a level 3 spell: Conjure Flame
  2058 | D:3      | Reached XP level 4. HP: 24/24 MP: 8/12
  2432 | D:3      | Found Sengink's Antique Weapon Shop.
  2633 | D:3      | Killed from afar by an orc wizard

Illustrated notes

Levels and vault maps discovered:
D:1:      dpeg_arrival_solitude, layout_rooms, chequers_ecumenical_altar_simple,
          minmay_misc_feat_secret_circle
D:2:      layout_rooms
D:3:      layout_basic, nemelex_spade_bored_becter, serial_shops, shop,
          minmay_fractal_squares_5

Skill      XL: |  1  2  3 |
---------------+----------+-----
Conjurations   | 2 |  2.6
Fire Magic     | 4 |  4.2
Spellcasting   | 4 |  4.2
Dodging        | |  2.4
Stealth        | |  2.4

Action                   |  1- 3 |  4- 6 || total
-------------------------+-------+-------++-------
 Cast: Foxfire           |   101 |    19 ||   120
Armor: Robe              |     2 |       ||     2
Dodge: Dodged            |     6 |     8 ||    14
       Repelled          |       |     1 ||     1
